 Dungeon Crawl Stone Soup version 0.22-a0-601-gb0ed703 (webtiles) character file.

3671 Gildeon the Magician (level 9, -4/54 HPs)
             Began as a Deep Elf Conjurer on July 6, 2018.
             Slain by Joseph
             ... wielding a +0 quarterstaff
              (8 damage)
             ... on level 8 of the Dungeon.
             The game lasted 00:36:31 (7662 turns).

Gildeon the Magician (Deep Elf Conjurer)            Turns: 7662, Time: 00:36:32

Health: -4/54      AC:  6    Str:  5    XL:     9   Next: 89%
Magic:  1/20       EV: 15    Int: 27    God:
Gold:   484        SH:  0    Dex: 17    Spells: 0/20 levels left

rFire    . . .     SeeInvis .   h - +0 dagger
rCold    . . .     Gourm    .   (no shield)
rNeg     + . .     Faith    .   w - +1 robe {MR+}
rPois    .         Spirit   .   f - +2 helmet {Int+3}
rElec    .         Reflect  .   l - scarf {repulsion}
rCorr    .         Harm     .   (no gloves)
MR       +....     Clarity  +   (no boots)
Stlth    ++++......             r - amulet of magic regeneration
HPRegen  0.18/turn              b - ring of positive energy
MPRegen  0.42/turn              (no ring)

@: repel missiles
A: thin skeletal structure 1, blink, clarity
a: Blink


You were on level 8 of the Dungeon.
You were not hungry.

You visited 2 branches of the dungeon, and saw 9 of its levels.
You also visited: Sewer.

You collected 484 gold pieces.

Inventory:

Hand Weapons
 h - a +0 dagger (weapon)
Armour
 f - a +2 helmet of intelligence (worn)
 l - a scarf of repulsion (worn)
 w - a +1 robe of magic resistance (worn)
Jewellery
 b - a ring of positive energy (left hand)
 r - an amulet of magic regeneration (around neck)
 s - a +2 amulet of reflection
Wands
 n - a wand of disintegration (4)
 t - a wand of polymorph (7)
 v - a wand of iceblast (8)
Scrolls
 k - 3 scrolls of blinking
 m - 3 scrolls of remove curse
 p - 3 scrolls of teleportation
 u - a scroll of fear
Potions
 a - a potion of lignification {unknown}
 e - 4 potions of curing
 i - a potion of haste {unknown}
 j - 2 potions of magic
 o - a potion of brilliance
 q - 2 potions of cancellation {unknown}
Comestibles
 c - 21 rations
 d - 7 chunks of flesh


   Skills:
 - Level 5.0 Fighting
 - Level 5.0 Short Blades
 + Level 4.3 Armour
 - Level 5.1 Dodging
 - Level 5.4 Stealth
 - Level 6.0 Spellcasting
 - Level 5.0 Conjurations
 - Level 5.0 Hexes
 + Level 4.7 Necromancy
 - Level 5.1 Translocations
 + Level 0.1 Evocations


You couldn't memorise any spells.
You knew the following spells:

 Your Spells              Type           Power        Failure   Level  Hunger
a - Magic Dart            Conj           ####         1%          1    None
b - Searing Ray           Conj           #####.       1%          2    None
c - Dazzling Spray        Conj/Hex       #####.       2%          3    None
d - Iskenderun's Mystic   Conj           #####...     9%          4    ###....
e - Fulminant Prism       Conj/Hex       #####.....   9%          4    ###....
f - Force Lance           Conj/Tloc      #####...     9%          4    ###....
g - Animate Skeleton      Necr           N/A          1%          1    None
h - Pain                  Necr           ####         1%          1    None

Your spell library contained the following spells:

 Spells                   Type           Power        Failure   Level  Hunger
 Animate Dead             Necr           N/A          10%         4    ###....
 Vampiric Draining        Necr           ####......   2%          3    None
 Regeneration             Chrm/Necr      ###.......   8%          3    None


Dungeon Overview and Level Annotations

Branches:
Dungeon (8/15)             Temple (1/1) D:4
   Lair: D:8-11

Altars:
Ashenzari
Cheibriados
Dithmenos
Elyvilon
Fedhas
Gozag
Hepliaklqana
Kikubaaqudgha
Makhleb
Nemelex Xobeh
Okawaru
Qazlal
Ru
Trog
Uskayaw
Vehumet
Xom
Yredelemnul
Zin
The Shining One

Annotations:
D:8 exclusion: hungry ghost, Joseph


Innate Abilities, Weirdness & Mutations

You have a somewhat thin skeletal structure. (Dex +2, Stealth)
You can translocate small distances at will.
You possess an exceptional clarity of mind.


Message History

Aiming: Searing Ray (safe; 1% risk of failure)
Press: ? - help, Shift-Dir - straight line, f/p - Joseph
Aim: Joseph, wielding a quarterstaff and wearing a leather armour (severely wounded)
The searing ray hits Joseph.
Joseph is severely wounded. (Press . to maintain the ray.) Joseph closely misses you.
The searing ray hits Joseph.
Joseph is severely wounded.
Joseph misses you.
The searing ray hits Joseph.
Joseph is almost dead.
Joseph says, "You must be punished!
Or...
I want to punish you!"
Joseph hits you with an uncursed quarterstaff!
* * * LOW HITPOINT WARNING * * *
The searing ray hits Joseph.
Joseph is almost dead.
You finish channeling your searing ray.
Joseph hits you with an uncursed quarterstaff!
You die...

...###.......).....p####....[....
## ##...##.........# ####..)...
##...##......#.############
#.....#####.#..#...#
##.....#.....##.....#
#..........p...##...#
.............>..#...#
.........@(.........#
..<.......@.........##
........>.....(##....###
.......(.......(.........
#######....(.........#### #
#..............# #..##....(.....#
+..############# #..# #.##


You could see Joseph and a neutral freed slave (wandering).

Vanquished Creatures
  Pikel (D:8)
  A spriggan (D:8)
  A wyvern (D:8)
  Eustachio (D:4)
  A hungry ghost (D:8)
  2 sky beasts (D:5)
  2 slaves (D:8)
  4 ice beasts
  2 phantoms
  5 ogres
  A crocodile (Sewer)
  4 bullfrogs
  5 howler monkeys
  2 crimson imps
  A quasit (D:8)
  4 hounds
  A jelly (D:6)
  A gnoll shaman (D:5)
  5 orc wizards
  3 iguanas
  7 worker ants
  A hound zombie (D:6)
  2 hound skeletons
  4 gnolls (D:5)
  11 adders
  A howler monkey skeleton (D:7)
  2 adder skeletons
  A worm (D:2)
  4 dart slugs
  7 leopard geckos
  21 orcs
  4 bats
  7 giant cockroaches
  3 goblins
  4 hobgoblins
  9 jackals
  7 quokkas
  A ball python (D:5)
  2 frilled lizards (D:3)
  7 kobolds
  A leopard gecko zombie (D:5)
  A quokka zombie (D:6)
  2 rats
156 creatures vanquished.

Vanquished Creatures (others)
  A fulminant prism (D:8)
  2 plants (D:8)
3 creatures vanquished.

Grand Total: 159 creatures vanquished

Notes
Turn   | Place    | Note
-------+----------+-------------------------------------------
     0 | D:1      | Gildeon the Deep Elf Conjurer began the quest for the Orb.
     0 | D:1      | Reached XP level 1. HP: 10/10 MP: 6/6
   294 | D:1      | Reached XP level 2. HP: 15/15 MP: 6/8
   301 | D:1      | Learned a level 2 spell: Searing Ray
   866 | D:2      | Reached XP level 3. HP: 14/19 MP: 6/10
   871 | D:2      | Learned a level 3 spell: Dazzling Spray
   988 | D:2      | Found a hazy altar of Hepliaklqana.
  1753 | D:3      | Reached skill level 4 in Spellcasting
  1784 | D:3      | Reached skill level 5 in Conjurations
  2052 | D:3      | Found a hide-covered altar of Uskayaw.
  2108 | D:3      | Reached XP level 4. HP: 24/24 MP: 7/12
  2119 | D:3      | Learned a level 4 spell: Iskenderun's Mystic Blast
  2150 | D:3      | Found an opulent altar of Gozag.
  2178 | D:3      | Reached skill level 1 in Hexes
  2576 | D:4      | Found a glowing drain.
  2593 | Sewer    | Entered a sewer
  2732 | Sewer    | Noticed a crocodile
  2740 | Sewer    | Killed a crocodile
  2740 | Sewer    | Reached XP level 5. HP: 27/28 MP: 4/14
  2913 | D:4      | Reached skill level 5 in Spellcasting
  2960 | D:4      | Noticed Eustachio
  2968 | D:4      | Killed Eustachio
  2968 | D:4      | Reached skill level 1 in Short Blades
  2968 | D:4      | Reached skill level 5 in Stealth
  2968 | D:4      | Reached XP level 6. HP: 32/32 MP: 2/15
  2974 | D:4      | Learned a level 4 spell: Fulminant Prism
  3466 | D:4      | HP: 1/32 [iguana (11)]
  3732 | D:4      | Found a staircase to the Ecumenical Temple.
  3741 | Temple   | Entered the Ecumenical Temple
  3876 | D:5      | Entered Level 5 of the Dungeon
  3876 | D:5      | Noticed a sky beast
  3885 | D:5      | Killed a sky beast
  3885 | D:5      | Reached XP level 7. HP: 19/36 MP: 13/16
  4052 | D:5      | Reached skill level 5 in Hexes
  4659 | D:5      | Found a shimmering altar of Xom.
  4700 | D:5      | Reached skill level 6 in Spellcasting
  4706 | D:5      | Learned a level 4 spell: Force Lance
  4755 | D:5      | Found a glowing silver altar of Zin.
  4770 | D:5      | Reached skill level 5 in Dodging
  4770 | D:5      | Reached skill level 1 in Translocations
  4770 | D:5      | Reached XP level 8. HP: 21/41 MP: 12/19
  4873 | D:5      | Reached skill level 1 in Fighting
  5108 | D:5      | Found a shadowy altar of Dithmenos.
  5578 | D:6      | Reached skill level 5 in Short Blades
  5667 | D:6      | Reached skill level 1 in Armour
  5791 | D:6      | Found a burning altar of Makhleb.
  5966 | D:6      | Found a radiant altar of Vehumet.
  6247 | D:7      | Reached XP level 9. HP: 9/51 MP: 8/20
  6261 | D:7      | Learned a level 1 spell: Animate Skeleton
  6263 | D:7      | Learned a level 1 spell: Pain
  6371 | D:7      | Got a smoking great sword
  6372 | D:7      | Identified the +7 great sword of Uskayaw's Approval {slice, rF+ Dex+7} (You found it on level 7 of the Dungeon)
  6504 | D:7      | Reached skill level 5 in Translocations
  6573 | D:7      | Reached skill level 1 in Necromancy
  6703 | D:7      | Found a sacrificial altar of Ru.
  7210 | D:8      | Gained mutation: You possess an exceptional clarity of mind. [potion of mutation]
  7210 | D:8      | Gained mutation: You can translocate small distances at will. [potion of mutation]
  7210 | D:8      | Gained mutation: You have a somewhat thin skeletal structure. (Dex +2, Stealth) [potion of mutation]
  7330 | D:8      | Found a shattered altar of Ashenzari.
  7480 | D:8      | Noticed Pikel
  7543 | D:8      | Killed Pikel
  7628 | D:8      | Reached skill level 5 in Fighting
  7628 | D:8      | Noticed Joseph
  7662 | D:8      | Slain by Joseph

Vault maps used:
D:1:      doesnt_arrival_eight_statues
D:2:      nicolae_overflow_crystal_walls, serial_glass, glass_columns_b,
          glass_columns_a, feat_on_display
D:3:      lemuel_crystal_altar, grunt_gozag_statues
D:4:      temple_hall, first_ration, gup_sewer_entry_glass, uniq_eustachio
D:5:      old_standard_altar, basic_altar, nicolae_dithmenos_the_darkroom
D:6:      kennysheep_little_box, basic_altar, feat_on_display
D:7:      nicolae_ru_awakened_eye
D:8:      lemuel_doored_altar, cheibrodos_ashenzari_chains,
          nicolae_overflow_hidden_temple, the_bakery,
          hangedman_decor_clover_reticule, serial_bayou_lagoon_b, uniq_maurice,
          uniq_pikel, uniq_joseph, uniq_grum
Temple:   dshaligram_water_room_temple
Sewer:    sewer_the_crocodile

Skill      XL: |  1  2  3  4  5  6  7  8  9 |
---------------+----------------------------+-----
Stealth        | 3 4 5 |  5.4
Spellcasting   | 4 5 6 |  6.0
Conjurations   | 5 |  5.0
Hexes          | 2 3 4 5 |  5.0
Short Blades   | 1 2 4 5 |  5.0
Dodging        | 3 5 |  5.1
Translocations | 1 4 5 |  5.1
Fighting       | 3 5 |  5.0
Armour         | 2 4 |  4.3
Necromancy     | 4 |  4.7
Evocations     | |  0.1

Action                   |  1- 3 |  4- 6 |  7- 9 || total
-------------------------+-------+-------+-------++-------
Melee: Unarmed           |     3 |       |       ||     3
       Short sword       |     1 |       |       ||     1
       Dagger            |    16 |    15 |    55 ||    86
 Cast: Magic Dart        |    61 |    65 |   150 ||   276
       Searing Ray       |     1 |     6 |    41 ||    48
       Dazzling Spray    |       |       |     4 ||     4
       Force Lance       |       |       |     8 ||     8
       Fulminant Prism   |       |       |     1 ||     1
Evoke: Wand              |       |       |    12 ||    12
  Use: Scroll            |     7 |     4 |     6 ||    17
       Potion            |       |     1 |    10 ||    11
 Stab: Sleeping          |     8 |     9 |    14 ||    31
  Eat: Chunk             |     3 |     5 |     6 ||    14
       Ration            |       |     1 |     1 ||     2
Armor: Robe              |     5 |     3 |    29 ||    37
Dodge: Dodged            |    14 |    30 |   140 ||   184
       Deflected         |     1 |     2 |     5 ||     8

Table legend:
 A = Spawn XP
 B = Non-spawn XP
 C = Spawn XP percentage of total XP
 D = Spawn monster count
 E = Non-spawn monster count
 F = Spawn count percentage of total count
 G = Total turns spent on level
                    A         B        C        D         E        F      G
               +---------+---------+-------+---------+---------+-------+---------
         Total |       0 |    5245 |   0.0 |       0 |     154 |   0.0 |  7662
               +---------+---------+-------+---------+---------+-------+---------
           D:1 |       0 |      28 |   0.0 |       0 |      11 |   0.0 |   774
           D:2 |       0 |      42 |   0.0 |       0 |      19 |   0.0 |   953
           D:3 |       0 |      46 |   0.0 |       0 |      13 |   0.0 |   806
           D:4 |       0 |     484 |   0.0 |       0 |      21 |   0.0 |   976
           D:5 |       0 |    1364 |   0.0 |       0 |      26 |   0.0 |  1652
           D:6 |       0 |     512 |   0.0 |       0 |      14 |   0.0 |   576
           D:7 |       0 |    1005 |   0.0 |       0 |      27 |   0.0 |  1104
           D:8 |       0 |    1656 |   0.0 |       0 |      17 |   0.0 |   454
         Sewer |       0 |     108 |   0.0 |       0 |       6 |   0.0 |   276
               +---------+---------+-------+---------+---------+-------+---------
